 Dungeon Crawl Stone Soup version 0.30.1-11-g7821555f0a (webtiles) character file.

Game seed: 4204340912237133061

182 fireball365 the Chopper (level 5, 0/47 HPs)
             Began as a Hill Orc Fighter on Nov 10, 2023.
             Slain by a kobold brigand
             ... wielding a +0 club
              (4 damage)
             ... in a sewer.
             The game lasted 00:03:33 (1883 turns).

fireball365 the Chopper (Hill Orc Fighter)          Turns: 1883, Time: 00:03:34

Health: 0/47       AC:  7    Str: 21    XL:     5   Next: 62%
Magic:  5/5        EV:  9    Int:  8    God:
Gold:   73         SH:  5    Dex: 10    Spells: 4/4 levels left

rFire   . . .        a - +0 war axe
rCold   . . .        c - +1 buckler
rNeg    . . .        b - +0 scale mail
rPois   .            (no helmet)
rElec   .            (no cloak)
rCorr   .            (no gloves)
SInv    .            (no boots)
Will    .....        (no amulet) Stlth
                     (no ring)
HPRegen 0.27/turn    (no ring)
MPRegen 0.09/turn

%: no passive effects
@: brilliant
A: mutation resistance 1
a: no special abilities


You were in a sewer.
You visited 1 branch of the dungeon, and saw 3 of its levels.
You also visited: Sewer.

You collected 73 gold pieces.

Inventory:

Hand Weapons
 a - a +0 war axe (weapon)
Armour
 b - a +0 scale mail (worn)
 c - a +1 buckler (worn)
Scrolls
 e - a scroll of fear
 f - a scroll of teleportation
 h - a scroll of immolation
Potions
 d - 2 potions of might
 i - a potion of brilliance
 j - 3 potions of cancellation


   Skills:
 + Level 4.8 Fighting
 + Level 5.1 Axes
 + Level 3.9 Armour
 + Level 1.0 Dodging
 + Level 0.2 Stealth
 + Level 3.8 Shields


You had 4 spell levels left.
You didn't know any spells.
Your spell library was empty.

Dungeon Overview and Level Annotations

Branches:
Dungeon (3/15)              Sewer (1/1)

Altars:

Annotations:
D:1 1 transporter


Innate Abilities, Weirdness & Mutations

You are somewhat resistant to further mutation.


Message History

It was a potion of brilliance.
You feel clever all of a sudden. The kobold barely misses you.
The kobold brigand hits you with a +0 club.
* * * LOW HITPOINT WARNING * * *
It was a potion of mutation.
You feel extremely strange.
You feel genetically stable. The kobold hits you but does no damage.
The kobold brigand hits you with a +0 club.
* * * LOW HITPOINT WARNING * * *
You block the kobold brigand's attack. The kobold misses you.
It was a potion of curing.
You feel better.
You feel yourself speed up. You block the kobold's attack.
The kobold brigand hits you with a +0 club.
* * * LOW HITPOINT WARNING * * *
You barely miss the kobold brigand.
The kobold brigand is moderately wounded.
You hit the kobold. The kobold barely misses you.
You block the kobold brigand's attack. The kobold brigand closely misses you.
The kobold barely misses you.
You barely miss the kobold brigand.
The kobold brigand is moderately wounded.
You barely miss the kobold. The kobold hits you but does no damage.
The kobold brigand barely misses you.
You hit the kobold brigand but do no damage.
The kobold brigand is moderately wounded.
You hit the kobold.
You kill the kobold!
You block the kobold brigand's attack.
You miss the kobold brigand.
The kobold brigand is moderately wounded.
The kobold brigand hits you with a +0 club.
* * * LOW HITPOINT WARNING * * *
The kobold brigand hits you with a +0 club.
* * * LOW HITPOINT WARNING * * *
You hit the kobold brigand but do no damage.
The kobold brigand is moderately wounded.
The kobold brigand hits you with a +0 club.
You die...

#...# #.P~~P~........P~
###'########~†############
#≈~~~~~~~~~~~~~~~~~~ ~~
#≈≈~≈≈≈≈≈~≈≈≈≈≈~≈≈≈≈≈ ≈≈
#≈~~~~~~~~~~~~~~~~~~~
#################~~~######
#....#....P~P~~P~~P...
#!∩.)).....~~~~.P~~P..
#)..K@......P.........
#!.[.#..............P.
######....P...........
##...............
#.........##....
#######..####... #### ####


You could see a kobold brigand.

Vanquished Creatures
  A kobold brigand (Sewer)
  Jessica (D:2)
  2 adders (D:2)
  2 worms
  A dart slug (D:2)
  An orc (D:3)
  3 bats
  3 endoplasms
  4 giant cockroaches
  7 goblins
  3 hobgoblins
  14 kobolds
  3 quokkas (D:1)
  8 ball pythons
  6 frilled lizards
  8 rats
67 creatures vanquished.

Notes
Turn   | Place    | Note
-------+----------+-------------------------------------------
     0 | D:1      | fireball365 the Hill Orc Fighter began the quest for the
                  | Orb.
     0 | D:1      | Reached XP level 1. HP: 19/19 MP: 1/1
   143 | D:1      | Reached XP level 2. HP: 24/27 MP: 2/2
   276 | D:1      | Reached skill level 3 in Axes
   549 | D:1      | Reached XP level 3. HP: 34/34 MP: 3/3
   911 | D:2      | Noticed Jessica
   920 | D:2      | Killed Jessica
   921 | D:2      | Reached XP level 4. HP: 30/41 MP: 4/4
  1105 | D:2      | Reached skill level 4 in Axes
  1616 | D:3      | Found a glowing drain.
  1628 | Sewer    | Entered a sewer
  1778 | Sewer    | Noticed a kobold brigand
  1791 | Sewer    | Killed a kobold brigand
  1792 | Sewer    | Reached skill level 5 in Axes
  1792 | Sewer    | Reached XP level 5. HP: 46/47 MP: 5/5
  1868 | Sewer    | Noticed a kobold brigand
  1873 | Sewer    | Reached skill level 1 in Dodging
  1877 | Sewer    | Gained mutation: You are somewhat resistant to further
                  | mutation. [potion of mutation]
  1883 | Sewer    | Slain by a kobold brigand

Illustrated notes

Levels and vault maps discovered:
D:1:      spicycebolla_arrival_risky_transporter, layout_loops_cross,
          minmay_misc_feat_roman, minmay_misc_feat_four_crosses
D:2:      layout_rooms, minmay_bisected, uniq_jessica
D:3:      layout_basic, shapermc_ecumenical_altar_starsandcircs,
          cheibrodos_sewer_entry_drain
Sewer:    kennysheep_pipe_town

Skill      XL: |  1  2  3  4  5 |
---------------+----------------+-----
Fighting       | 4 |  4.8
Axes           | 3 5 |  5.1
Dodging        | 1 |  1.0
Armour         | |  3.9
Stealth        | |  0.2
Shields        | |  3.8

Action                     |  1- 3 |  4- 6 || total
---------------------------+-------+-------++-------
  Melee: War axe           |    68 |    86 ||   154
    Use: Scroll            |       |     5 ||     5
         Potion            |       |     3 ||     3
 Armour: Scale mail        |    44 |    50 ||    94
  Dodge: Dodged            |    45 |    66 ||   111
  Block: Buckler           |    32 |    39 ||    71
